 Dungeon Crawl Stone Soup version 0.29.0-11-gd7f09526c8 (webtiles) character file.

Game seed: 5197231150720562109

11325 robertstho the Grappler (level 11, -1/58 HPs)
             Began as a Vine Stalker Berserker on Sept 2, 2022.
             Was an Elder of Trog.
             Slain by a death yak (8 damage)
             ... on level 1 of the Lair of Beasts.
             The game lasted 00:13:07 (7600 turns).

robertstho the Grappler (Vine Stalker Berserker)    Turns: 7600, Time: 00:13:07

Health: -1/58      AC: 15    Str: 25    XL:     11   Next: 76%
Magic:  0/21       EV: 12    Int:  6    God:    Trog [****..]
Gold:   281        SH:  0    Dex: 10    Spells: 10/10 levels left

rFire   . . .      SeeInvis +     - Unarmed
rCold   . . .      Faith    .   (no shield)
rNeg    + + +      Spirit   +   z - +5 ring mail of Infinity {Regen+}
rPois   .          Reflect  .   (no helmet)
rElec   .          Harm     .   j - +0 cloak
rCorr   .          Rampage  .   q - +0 pair of gloves
Will    +....                   (no boots)
Stlth   ++........              (no amulet)
HPRegen 1.79/turn               G - ring of magical power
MPRegen 0.17/turn               D - ring of Xicuvyaw {rN+++ Str-2 Dex-4 Slay+4 SInv}

@: about to teleport, on berserk cooldown, attractive, slowed, very slow
A: fangs 3, regeneration 1, magic shield, antimagic bite, no potion heal 2,
hooves 1, iridescent scales 1, strong 1
a: Renounce Religion, Berserk, Trog's Hand, Brothers in Arms


You were on level 1 of the Lair of Beasts.
You worshipped Trog.
Trog was greatly pleased with you.
You visited 2 branches of the dungeon, and saw 10 of its levels.

You collected 540 gold pieces.
You spent 259 gold pieces at shops.

Inventory:

Hand Weapons
 k - a +1 hammer of chaos
 l - the +10 shortbow of Karma {vorpal, rElec rC+}
   (You found it on level 7 of the Dungeon)

   Any ammunition fired from it inflicts extra damage upon your enemies.
   rC:        It protects you from cold.
   rElec:     It insulates you from electricity.
Missiles
 d - 2 throwing nets (quivered)
Armour
 j - a +0 cloak (worn)
 q - a +0 pair of gloves (worn)
 z - the +5 ring mail of Infinity (worn) {Regen+}
   (You found it on level 7 of the Dungeon)

   Regen:     It increases your rate of health regeneration.
 C - a +0 kite shield
Jewellery
 a - a ring of protection from cold
 x - a ring of flight
 D - the ring of Xicuvyaw (right hand) {rN+++ Str-2 Dex-4 Slay+4 SInv}
   (You found it on level 8 of the Dungeon)

   [ring of slaying]

   Str:       It affects your strength (-2).
   Dex:       It affects your dexterity (-4).
   Slay:      It affects your accuracy & damage with ranged weapons and melee
   (+4).
   rN:        It renders you almost immune to negative energy.
   SInv:      It lets you see invisible.
 F - a +4 ring of protection
 G - a ring of magical power (left hand)
 H - an amulet of magic regeneration
Wands
 m - a wand of iceblast (13)
 I - a wand of acid (3)
 J - a wand of charming (6)
Scrolls
 i - a scroll of vulnerability
 p - 2 scrolls of blinking
 v - 2 scrolls of immolation
 w - a scroll of enchant armour
 y - a scroll of enchant weapon
Potions
 b - 3 potions of cancellation
 c - 5 potions of flight
 e - 2 potions of attraction
 f - 2 potions of mutation
 g - a potion of haste {unknown}
 h - a potion of brilliance {unknown}
 n - 2 potions of berserk rage
 o - 3 potions of heal wounds {unknown}
 r - a potion of invisibility {unknown}
 t - 3 potions of curing {unknown}
 u - a potion of resistance
 E - a potion of degeneration {unknown}


   Skills:
 * Level 7.3 Fighting
 + Level 4.9 Ranged Weapons
 + Level 4.2 Armour
 + Level 4.4 Dodging
 + Level 5.9 Stealth
 + Level 2.0 Shields
 * Level 13.5 Unarmed Combat
 + Level 0.1 Evocations


You had 10 spell levels left.
You didn't know any spells.
Your spell library was empty.

Dungeon Overview and Level Annotations

Branches:
Dungeon (9/15)             Temple (0/1) D:6            Lair (1/5) D:8
    Orc: D:9-12

Altars:
Gozag
Hepliaklqana
Okawaru
Qazlal
Sif Muna
Trog
Xom
Zin

Shops:
D:1 :   D:6 *

Annotations:
D:7 2 transporters


Innate Abilities, Weirdness & Mutations

You have razor-sharp teeth.
Your natural rate of healing is unusually fast.
When hurt, damage is shared between your health and your magic reserves.
Your bite disrupts and absorbs the magic of your enemies.
Potions cannot restore your health.
You have large cloven feet.
You are partially covered in iridescent scales. (AC +2)
Your muscles are strong. (Str +4, Int/Dex -1)


Message History

The death yak is attracted toward you. x2
Things that are here:
a death yak corpse; a wyvern corpse; a death yak corpse You feel a strong urge to attack something.
The death yak is attracted toward you. x2; The yak is attracted toward you.
The death yak is attracted toward you.
A nearby fungus withers and dies.
The death yak is attracted toward you. The yak is attracted toward you.
You are too berserk!
There are monsters nearby!
There are monsters nearby!
You feel your anger nearly subside.
You are no longer berserk.
You are exhausted.
You feel yourself slow down.
The death yak is attracted toward you. x3
Something is attracted toward you.
As you read the scroll of fear, it crumbles to dust.
You assume a fearsome visage.
The death yak resists with almost no effort. x2
The death yak looks frightened!
The death yak gores you but does no damage.
Unknown command.
Blink to where?
Press: ? - help, Dir - move target
As you read the scroll of blinking, it crumbles to dust.
The death yak is attracted toward you.
As you read the scroll labelled DOD WEELOYQ, it crumbles to dust.
You feel aware of your surroundings.
It was a scroll of magic mapping.
The death yak is attracted toward you.
As you read the scroll labelled ECIRCH RYLEL, it crumbles to dust.
Your body is wracked with pain!
The death yak convulses! x2
It was a scroll of torment.
The death yak is attracted toward you.
As you read the scroll labelled BACICI HAOSATU, it crumbles to dust.
You feel strangely unstable.
It was a scroll of teleportation.
The death yak gores you but does no damage.
The death yak gores you!! The death yak gores you!
The death yak closely misses you. The death yak is attracted toward you.
The death yak gores you!!
* * * LOW HITPOINT WARNING * * *
The death yak attacks as you move away! The death yak gores you!
You die...

#.........P................Y.
#.................##....#..Y.
###........#...#...#...YY#Y§..
##..........#...#....§..Y§§....
#.......###.P...........###....
#....P#.P##....................
###..............###....##.......
#....##P......##.Y#...........[.P
#######.........@YY.....#........
####....#####...#......##.#
#......####........###*..
##.......#......##.# **,
##.............#*## *,
####..........# ** ##.....###P# *
##....# *## * ######


You could see 3 death yaks.

Vanquished Creatures
  A boulder beetle (Lair:1)
  A two-headed ogre (D:9)
  3 death yaks (Lair:1)
  Pikel (D:4)
  3 cane toads
  A rime drake (Lair:1)
  A komodo dragon (Lair:1)
  A burning bush (Lair:1)
  A troll (D:9)
  2 wyverns (Lair:1)
  A yak (Lair:1)
  3 steam dragons
  3 wargs (D:8)
  6 water moccasins
  3 orc warriors (D:9)
  2 sky beasts
  A black bear (D:4)
  3 ice beasts
  An ogre (D:6)
  4 wolves (Lair:1)
  A centaur (D:7)
  2 kobold brigands (D:9)
  2 necrophages (D:6)
  4 bullfrogs
  3 scorpions
  5 wights (D:9)
  7 killer bees
  5 howler monkeys
  3 electric eels (D:7)
  7 orc priests
  Crazy Yiuf (D:2)
  A hound (D:6)
  3 jellies
  5 iguanas
  9 orc wizards
  4 gnolls (D:2)
  4 adders
  A shadow imp (D:5)
  2 white imps
  An ufetubus (D:6)
  A worm (D:2)
  2 dart slugs
  29 orcs
  9 ball pythons
  5 endoplasms
  4 giant cockroaches
  9 goblins
  5 hobgoblins
  9 jackals (D:1)
  2 quokkas
  8 bats
  4 frilled lizards
  10 kobolds
  8 rats
217 creatures vanquished.

Vanquished Creatures (collateral kills)
  A death yak (Lair:1)
1 creature vanquished.

Vanquished Creatures (others)
  3 fungi (Lair:1)
  2 plants
5 creatures vanquished.

Grand Total: 223 creatures vanquished

Notes
Turn   | Place    | Note
-------+----------+-------------------------------------------
     0 | D:1      | robertstho the Vine Stalker Berserker began the quest for
                  | the Orb.
     0 | D:1      | Reached XP level 1. HP: 11/11 MP: 2/2
    40 | D:1      | Reached XP level 2. HP: 2/16 MP: 0/3
   432 | D:1      | Found a faded altar of an unknown god.
   630 | D:1      | Reached XP level 3. HP: 20/20 MP: 4/4
   899 | D:1      | Found Mifas's Vocational Training.
  1190 | D:2      | Reached skill level 4 in Unarmed Combat
  1195 | D:2      | Gained mutation: Your natural rate of healing is unusually
                  | fast. [Vine Stalker growth]
  1195 | D:2      | Reached XP level 4. HP: 18/24 MP: 3/5
  1303 | D:2      | Reached ** piety under Trog
  1600 | D:2      | Reached skill level 1 in Stealth
  1729 | D:2      | Found a runed translucent door.
  1730 | D:2      | Noticed Crazy Yiuf
  1790 | D:2      | Reached XP level 5. HP: 28/28 MP: 6/6
  2066 | D:2      | Killed Crazy Yiuf
  2151 | D:3      | You fall into a shaft and drop 1 floor!
  2164 | D:4      | Reached skill level 5 in Unarmed Combat
  2473 | D:3      | Found a bloodstained altar of Trog.
  2645 | D:3      | Reached XP level 6. HP: 32/32 MP: 7/7
  2872 | D:4      | Found an opulent altar of Gozag.
  2885 | D:4      | Noticed a black bear
  2890 | D:4      | Killed a black bear
  2925 | D:4      | Reached *** piety under Trog
  2943 | D:4      | Reached skill level 6 in Unarmed Combat
  2991 | D:4      | Reached XP level 7. HP: 28/37 MP: 6/8
  3166 | D:4      | Found a glowing silver altar of Zin.
  3184 | D:4      | Noticed Pikel
  3195 | D:4      | Killed Pikel
  3196 | D:4      | Reached skill level 7 in Unarmed Combat
  3196 | D:4      | Gained mutation: You have razor-sharp teeth. [Vine Stalker
                  | growth]
  3196 | D:4      | Reached XP level 8. HP: 42/42 MP: 5/9
  3402 | D:4      | Reached skill level 8 in Unarmed Combat
  3569 | D:5      | Entered Level 5 of the Dungeon
  3863 | D:5      | Found a shimmering blue altar of Sif Muna.
  3863 | D:5      | Found a hazy altar of Hepliaklqana.
  4105 | D:6      | Reached skill level 5 in Stealth
  4105 | D:6      | Reached skill level 9 in Unarmed Combat
  4176 | D:6      | Found Vedauris's General Store.
  4213 | D:6      | Bought a scroll of identify for 28 gold pieces
  4213 | D:6      | Bought a scroll of immolation for 56 gold pieces
  4213 | D:6      | Bought a potion of berserk rage for 70 gold pieces
  4213 | D:6      | Bought a scroll of enchant armour for 105 gold pieces
  4263 | D:6      | Found an iron altar of Okawaru.
  4340 | D:6      | Reached XP level 9. HP: 46/46 MP: 10/10
  4567 | D:6      | Found a staircase to the Ecumenical Temple.
  4578 | D:6      | Reached skill level 5 in Fighting
  4578 | D:6      | Reached skill level 10 in Unarmed Combat
  5036 | D:7      | Found a transporter.
  5137 | D:7      | Identified the +5 ring mail of Infinity {Regen+}
  5292 | D:7      | Found a transporter.
  5357 | D:7      | Identified the +10 shortbow of Karma {vorpal, rElec rC+}
  5660 | D:7      | Reached skill level 1 in Ranged Weapons
  5660 | D:7      | Reached skill level 11 in Unarmed Combat
  5923 | D:8      | Reached XP level 10. HP: 51/51 MP: 11/11
  5932 | D:8      | Found a staircase to the Lair.
  5989 | D:8      | Reached **** piety under Trog
  6269 | D:8      | Identified the ring of Xicuvyaw {rN+++ Str-2 Dex-4 Slay+4
                  | SInv}
  6405 | D:9      | Noticed a two-headed ogre
  6416 | D:9      | Killed a two-headed ogre
  6541 | D:9      | Reached skill level 12 in Unarmed Combat
  6579 | D:9      | Found a stormy altar of Qazlal.
  6910 | D:9      | Reached skill level 1 in Shields
  7126 | D:9      | Found a shimmering altar of Xom.
  7227 | Lair:1   | Entered Level 1 of the Lair of Beasts
  7227 | Lair:1   | Noticed a cane toad
  7231 | Lair:1   | Noticed a cane toad
  7235 | Lair:1   | Killed a cane toad
  7236 | Lair:1   | Noticed a cane toad
  7242 | Lair:1   | Killed a cane toad
  7250 | D:8      | Killed a cane toad
  7251 | D:8      | Reached XP level 11. HP: 24/58 MP: 12/12
  7287 | Lair:1   | Reached ***** piety under Trog
  7300 | Lair:1   | Reached skill level 13 in Unarmed Combat
  7393 | Lair:1   | Noticed a boulder beetle
  7402 | Lair:1   | Killed a boulder beetle
  7498 | Lair:1   | Noticed a death yak
  7562 | Lair:1   | Noticed a death yak
  7562 | Lair:1   | Noticed a death yak
  7563 | Lair:1   | Noticed a death yak
  7564 | Lair:1   | Noticed a death yak
  7564 | Lair:1   | Noticed a death yak
  7567 | Lair:1   | Noticed a death yak
  7568 | Lair:1   | Noticed a death yak
  7570 | Lair:1   | Noticed a death yak
  7574 | Lair:1   | Gained mutation: Your muscles are strong. (Str +4, Int/Dex
                  | -1) [potion of mutation]
  7574 | Lair:1   | Gained mutation: You have large cloven feet. [potion of
                  | mutation]
  7574 | Lair:1   | Gained mutation: You are partially covered in iridescent
                  | scales. (AC +2) [potion of mutation]
  7574 | Lair:1   | Killed a death yak
  7579 | Lair:1   | Killed a death yak
  7583 | Lair:1   | Killed a death yak
  7589 | Lair:1   | Killed a death yak
  7600 | Lair:1   | Slain by a death yak

Illustrated notes

Levels and vault maps discovered:
D:1:      eino_arrival_water_star, layout_loops_ring, basic_ecumenical_altar,
          nicolae_shop_vocational
D:2:      layout_loops_ring, minmay_tromino_v2, uniq_crazy_yiuf_cottage
D:3:      layout_basic, mainiacjoe_overflow_tiny_flanked
D:4:      layout_loops_ring, lemuel_crystal_altar, mainiacjoe_overflow_alcove_1,
          chequers_ossuary_entry_cave, uniq_pikel
D:5:      layout_rooms, gammafunk_temple_overflow_wave, minmay_crossroads
D:6:      minmay_angry_zag, layout_basic, okawaru_metal_pillars_1_2,
          temple_hall, serial_shops, shop
D:7:      gammafunk_beogh_shrine, layout_loops_ring, chequers_big_river
D:8:      layout_cave_pools, erik_lair_orcish_takeover
D:9:      layout_basic, nicolae_qazlal_scattered_showers, marbit_many_paths,
          kennysheep_generic_room_12
Lair:1:   layout_misc_corridors, evilmike_ambush [evilmike_ambush_outer_basic,
          evilmike_ambush_inner_basic], grunt_megastairs_1

Skill      XL: |  1  2  3  4  5  6  7  8  9 10 11 |
---------------+----------------------------------+-----
Fighting       | 3 4 5 6 7 |  7.3
Unarmed Combat | 4 5 6 7 9 11 12 13 | 13.5
Stealth        | 1 2 3 4 5 |  5.9
Dodging        | 2 3 4 |  4.4
Ranged Weapons | 2 3 4 |  4.9
Armour         | 2 3 4 |  4.2
Shields        | 1 2 |  2.0
Evocations     | |  0.1

Action                   |  1- 3 |  4- 6 |  7- 9 | 10-12 || total
-------------------------+-------+-------+-------+-------++-------
Melee: Unarmed           |    65 |   120 |   186 |   197 ||   568
       Bite              |     9 |    25 |    47 |    64 ||   145
       Punch             |       |     2 |     9 |     2 ||    13
       Kick              |       |       |       |     5 ||     5
 Fire: Shortbow          |       |       |    34 |    31 ||    65
Invok: Berserk           |     2 |     4 |     6 |     6 ||    18
       Brothers in Arms  |       |       |       |     1 ||     1
Evoke: Wand              |       |       |       |     3 ||     3
  Use: Scroll            |     1 |     5 |     5 |     5 ||    16
       Potion            |       |       |       |     2 ||     2
 Stab: Sleeping          |     2 |    11 |     5 |     2 ||    20
       Distracted        |       |       |     1 |       ||     1
Armor: Animal skin       |    17 |    14 |    23 |       ||    54
       Ring mail         |       |       |     9 |   120 ||   129
Dodge: Dodged            |    36 |    60 |    83 |   111 ||   290
Block: Kite shield       |       |       |       |    51 ||    51
